 Dungeon Crawl Stone Soup version 0.17.1-3-g152610e (webtiles) character file.

35 Shotgun the Ruffian (level 3, -2/30 HPs)
             Began as a Draconian Transmuter on Apr 20, 2016.
             Was an Initiate of the Shining One.
             Asphyxiated
             ... on level 4 of the Dungeon.
             The game lasted 00:06:55 (2297 turns).

Shotgun the Ruffian (Draconian Transmuter)          Turns: 2297, Time: 00:06:55

Health: -2/30      AC:  6    Str: 13    XL:     3   Next: 17%
Magic:  6/6        EV: 11    Int: 16    God:    the Shining One [......]
Gold:   94         SH:  3    Dex: 11    Spells: 1 memorised, 5 levels left

rFire  . . .     SeeInvis .       - Unarmed
rCold  . . .     Clarity  .     (armour unavailable)
rNeg   . . .     SustAt   .     f - +0 buckler
rPois  .         Gourm    .     (helmet restricted)
rElec  .         Spirit   .     k - +0 cloak
rCorr  .         Warding  .     (no gloves)
rMut   .         Stasis   .     (no boots)
MR     +....                    (no amulet)
Stlth  +.........               q - ring of protection from magic
                                l - +3 ring of intelligence

@: lethally poisoned (-2 -> -21), slowed, very slow, somewhat resistant to
hostile enchantments, very unstealthy
A: unfitting armour, cold-blooded, AC +5
a: Renounce Religion


You were on level 4 of the Dungeon.
You worshipped the Shining One.
The Shining One was noncommittal.
You were not hungry.

You visited 1 branch of the dungeon, and saw 4 of its levels.

You collected 94 gold pieces.

Inventory:

Missiles
 a - 35 arrows
 t - 12 arrows of frost
Armour
 f - a +0 buckler (worn)
 k - a +0 cloak (worn)
Jewellery
 l - a +3 ring of intelligence (left hand)
 q - a ring of protection from magic (right hand)
Scrolls
 i - 3 scrolls of teleportation {unknown}
 j - a scroll of amnesia {unknown}
 n - 2 scrolls of remove curse {unknown}
 p - 4 scrolls of identify {unknown}
 r - a scroll of random uselessness {unknown}
 s - a scroll of magic mapping {unknown}
 u - a scroll of noise {unknown}
Potions
 d - a potion of might {unknown}
 e - a potion of mutation {unknown}
 h - 3 potions of flight {unknown}
 m - a potion of lignification {unknown}
Books
 b - a book of Changes

   Spells                             Type                      Level
   a - Beastly Appendage              Transmutation                1
   b - Sticks to Snakes               Transmutation                2
   c - Spider Form                    Transmutation/Poison         3
   d - Ice Form                       Ice/Transmutation            4
   e - Blade Hands                    Transmutation                5
 w - a book of Transfigurations

   Spells                             Type                      Level
   a - Stoneskin                      Transmutation/Earth          2
   b - Irradiate                      Conjuration/Transmutation    5
   c - Statue Form                    Transmutation/Earth          6
   d - Hydra Form                     Transmutation                6
   e - Dragon Form                    Transmutation                7
Comestibles
 c - 3 bread rations
 g - a meat ration
 o - a royal jelly
 v - a beef jerky


   Skills:
 * Level 2.9 Fighting
 + Level 2.0 Dodging
 + Level 1.0 Shields
 + Level 3.0 Unarmed Combat
 - Level 2.0 Spellcasting
 - Level 2.0 Transmutations


You had 5 spell levels left.
You knew the following spells:

 Your Spells              Type           Power        Failure   Level  Hunger
a - Beastly Appendage     Trmt           #.....       14%         1    #......


Dungeon Overview and Level Annotations

Branches:
Dungeon (4/15)
 Temple: D:4-7

Altars:
Fedhas
Qazlal
Zin
The Shining One


Innate Abilities, Weirdness & Mutations

Your plain brown scales are hard (AC +5).
Your body does not fit into most forms of armour.
You are cold-blooded and may be slowed by cold attacks.


Message History

You have difficulty breathing.
You feel yourself slow down.
You see here a curare-tipped needle.
You feel sick.
The kobold shoots a curare-tipped needle.
The curare-tipped needle closely misses you.
There is an escape hatch in the floor here.
You feel sick.
The kobold unwields an uncursed blowgun.
The kobold hits you.
You feel sick.
There is an escape hatch in the floor here.
You feel sick. The kobold closely misses you. You block the kobold's attack.
You slide downwards.
The hatch slams shut behind you.
You feel sick.
You closely miss the kobold.
You feel sick. The kobold barely misses you.
You feel sick.
The kobold wields an uncursed blowgun.
The kobold shoots a curare-tipped needle.
The curare-tipped needle hits you.
You are lethally poisoned!
You have difficulty breathing.
You die... ##.########.# ......K.@...# ...##########

You could see a kobold.

Vanquished Creatures
  An ooze (D:2)
  A giant gecko (D:1)
  A ball python (D:1)
  2 giant cockroaches (D:3)
  6 bats
  5 giant newts
  6 goblins
  4 jackals (D:2)
  3 kobolds
  5 rats
34 creatures vanquished.

Notes
Turn   | Place    | Note
--------------------------------------------------------------
     0 | D:1      | Shotgun the Draconian Transmuter began the quest for the Orb.
     0 | D:1      | Reached XP level 1. HP: 16/16 MP: 3/3
   576 | D:1      | Reached XP level 2. HP: 11/24 MP: 5/5
  1459 | D:2      | Found a faded altar to an unknown god.
  1662 | D:2      | Found a glowing silver altar of Zin.
  1800 | D:2      | Found a stormy altar of Qazlal.
  1848 | D:2      | Found a glowing golden altar of the Shining One.
  1851 | D:2      | Became a worshipper of the Shining One
  1940 | D:2      | Found a blossoming altar of Fedhas.
  2045 | D:2      | Reached XP level 3. HP: 27/30 MP: 6/6
  2252 | D:3      | Reached skill level 1 in Shields
  2297 | D:4      | Asphyxiated

Action                   || total
-------------------------++-------
Melee: Unarmed           ||   160
  Eat: Bread ration      ||     1
